 Dungeon Crawl Stone Soup version 0.20-a0-1117-g62da73f (webtiles) character file.

3283 4thArraOfDagon the Carver (level 9, -10/81 HPs)
             Began as a Minotaur Berserker on May 9, 2017.
             Was an Elder of Trog.
             Mangled by a two-headed ogre
             ... wielding a +0 giant club
              (17 damage)
             ... on level 8 of the Dungeon.
             The game lasted 00:10:49 (2200 turns).

4thArraOfDagon the Carver (Minotaur Berserker)      Turns: 2200, Time: 00:10:51

Health: -10/81     AC: 13    Str: 26    XL:     9   Next: 69%
Magic:  8/8        EV: 20    Int:  4    God:    Trog [****..]
Gold:   208        SH:  0    Dex: 14    Spells: 8/8 levels left

rFire    . . .     SeeInvis .   f - +4 falchion
rCold    + . .     Gourm    .   (no shield)
rNeg     . . .     Faith    .   k - +1 ring mail {rC+}
rPois    +         Spirit   .   (helmet restricted)
rElec    .         Reflect  .   E - +1 cloak {rPois}
rCorr    .         Harm     .   (no gloves)
MR       .....                  (no boots)
Stlth    ++........             (no amulet)
Regen    0.3/turn               C - +3 ring of protection
MPRegen  0.2/turn               H - ring of poison resistance

@: agile, slowed, very slow
A: retaliatory headbutt, hooves 1, horns 2, screaming 1, subdued magic 1
a: Berserk, Trog's Hand, Brothers in Arms, Burn Spellbooks, Renounce Religion


You were on level 8 of the Dungeon.
You worshipped Trog.
Trog was greatly pleased with you.
You were not hungry.

You visited 1 branch of the dungeon, and saw 8 of its levels.
You also visited: Ossuary.

You collected 208 gold pieces.

Inventory:

Hand Weapons
 a - a +0 falchion
 f - a +4 falchion (weapon)
 q - a +1 morningstar of crushing
 s - a +0 short sword
Missiles
 u - 3 curare-tipped needles
Armour
 b - a +0 animal skin
 k - a +1 ring mail of cold resistance (worn)
 E - a +1 cloak of poison resistance (worn)
Magical Staves
 p - an uncursed staff of power {unknown}
Jewellery
 C - a +3 ring of protection (left hand)
 H - a ring of poison resistance (right hand)
Scrolls
 d - a scroll of recharging {unknown}
 g - 9 scrolls of identify {unknown}
 o - a scroll of blinking {unknown}
 r - a scroll of magic mapping {unknown}
 t - a scroll of brand weapon {unknown}
 v - 7 scrolls of teleportation {unknown}
 w - a scroll of enchant weapon {unknown}
 y - a scroll of fog {unknown}
 z - a scroll of remove curse {unknown}
 A - 3 scrolls of amnesia {unknown}
 B - 4 scrolls of fear {unknown}
 G - a scroll of random uselessness {unknown}
Potions
 e - 2 potions of magic {unknown}
 h - a potion of degeneration
 i - 2 potions of might {unknown}
 j - 2 potions of heal wounds {unknown}
 l - 6 potions of brilliance {unknown}
 n - 5 potions of curing {unknown}
 x - a potion of mutation {unknown}
 F - a potion of invisibility {unknown}
Comestibles
 c - 7 bread rations
 m - 7 chunks of flesh


   Skills:
 + Level 8.2 Fighting
 * Level 11.0 Long Blades
 + Level 7.7 Armour
 + Level 7.0 Dodging


You had 8 spell levels left.
You didn't know any spells.

Dungeon Overview and Level Annotations

Branches:
Dungeon (8/15)             Temple (0/1) D:5
   Lair: D:8-11

Altars:
Elyvilon
Qazlal
Uskayaw
Zin

Shops:
D:4 *   D:7 [

Annotations:
D:6 Prince Ribbit


Innate Abilities, Weirdness & Mutations

You reflexively headbutt those who attack you in melee.
You have a pair of horns on your head.
You have large cloven feet.
You occasionally shout uncontrollably at your foes.
Your spells are a little easier to cast, but a little less powerful.


Message History

You aren't carrying any items that you can evoke without wielding.
You aren't carrying any items that you can evoke without wielding.
You aren't carrying any items that you can evoke without wielding.
You aren't carrying any items that you can evoke without wielding.
You aren't carrying any items that you can evoke without wielding.
You aren't carrying any items that you can evoke without wielding.
You aren't carrying any items that you can evoke without wielding.
You aren't carrying any items that you can evoke without wielding.
Unknown command.
Unknown command.
Unknown command.
Unknown command.
Okay, then.
Unknown command.
Unknown command.
You feel agile all of a sudden.
The two-headed ogre hits you with a giant club.
* * * LOW HITPOINT WARNING * * *
The two-headed ogre hits you with a giant club!
You die...

#. #.............. .
.. .## ..
#............. . ...
#. .#
#............##.
....#. ##.#
#.........#.....
....#. #..
#.....(...#..# #...
#.# #..........# ###.
##.####.........[# ##
................O###
#
................@..#
#
.................#..#
# ...........)....##
.# .......##........
.. ##
################## ##
... ###


You could see a two-headed ogre.

Vanquished Creatures
  The ghost of Shinoi the Poker, a novice DsFi of Cheibriados (D:5)
  A hippogriff (D:8)
  Eustachio (D:4)
  A wraith (D:8)
  A necrophage (D:5)
  An orc warrior (D:8)
  2 sky beasts
  An ice beast (D:7)
  A black bear (D:8)
  A phantom (D:8)
  A bullfrog (D:6)
  A gnoll sergeant (D:8)
  4 scorpions
  9 wights
  A howler monkey (D:6)
  2 crimson imps
  4 hounds
  2 jellies (D:5)
  5 orc priests
  A bullfrog skeleton (D:5)
  A centaur skeleton (D:8)
  Crazy Yiuf (D:7)
  Terence (D:3)
  4 iguanas
  6 orc wizards
  3 worker ants
  12 mummies (Ossuary)
  4 gnolls (D:8)
  4 adders
  2 shadow imps (D:5)
  An ooze (D:3)
  2 adder skeletons
  A dart slug (D:1)
  A leopard gecko (D:3)
  21 orcs
  4 giant cockroaches
  3 jackals (D:4)
  A quokka (D:4)
  A ball python (D:3)
  A bat (D:1)
  A frilled lizard (D:3)
  2 gnoll skeletons (Ossuary)
  A goblin (D:3)
  5 goblin skeletons (Ossuary)
  A goblin zombie (D:5)
  A jackal zombie (D:7)
  2 kobolds
  A kobold skeleton (Ossuary)
  A quokka skeleton (D:5)
  A quokka zombie (D:6)
  2 rats (D:3)
  11 rat skeletons (Ossuary)
  A rat zombie (D:5)
145 creatures vanquished.

Notes
Turn   | Place    | Note
-------+----------+-------------------------------------------
     0 | D:1      | 4thArraOfDagon the Minotaur Berserker began the quest for the Orb.
     0 | D:1      | Reached XP level 1. HP: 19/19 MP: 0/0
    96 | D:3      | Reached skill level 4 in Long Blades
   146 | D:3      | Found a glowing silver altar of Zin.
   182 | D:3      | Reached XP level 2. HP: 26/27 MP: 1/1
   246 | D:3      | Noticed Terence
   251 | D:3      | Killed Terence
   251 | D:3      | Reached XP level 3. HP: 33/33 MP: 2/2
   383 | D:3      | Found a stormy altar of Qazlal.
   455 | D:4      | Reached XP level 4. HP: 40/40 MP: 3/3
   458 | D:4      | Reached skill level 5 in Long Blades
   467 | D:4      | Reached ** piety under Trog
   546 | D:4      | Reached XP level 5. HP: 45/47 MP: 4/4
   706 | D:4      | Noticed Eustachio
   715 | D:4      | Killed Eustachio
   715 | D:4      | Reached skill level 5 in Fighting
   715 | D:4      | Reached skill level 6 in Long Blades
   715 | D:4      | Reached XP level 6. HP: 56/56 MP: 5/5
   724 | D:4      | Found Suxabuz's General Store.
   761 | D:5      | Entered Level 5 of the Dungeon
   782 | D:5      | Reached XP level 7. HP: 57/61 MP: 6/6
   796 | D:5      | Found a staircase to the Ecumenical Temple.
   813 | D:5      | Noticed Shinoi's ghost (novice DsFi)
   853 | D:5      | Killed Shinoi's ghost
   853 | D:5      | Reached skill level 7 in Long Blades
   853 | D:5      | Reached skill level 5 in Armour
   906 | D:5      | Found a white marble altar of Elyvilon.
   914 | D:5      | Reached skill level 5 in Dodging
   914 | D:5      | Reached XP level 8. HP: 64/70 MP: 7/7
   960 | D:5      | Reached skill level 8 in Long Blades
  1009 | D:5      | Found a sand-covered staircase.
  1017 | Ossuary  | Entered an ossuary
  1088 | Ossuary  | Reached *** piety under Trog
  1471 | D:6      | Noticed Prince Ribbit
  1667 | D:7      | Reached skill level 9 in Long Blades
  1689 | D:7      | Found a runed door.
  1693 | D:7      | Noticed Crazy Yiuf
  1697 | D:7      | Killed Crazy Yiuf
  1743 | D:7      | Found Maaclyso's Armour Emporium.
  1862 | D:7      | Reached XP level 9. HP: 79/79 MP: 8/8
  1884 | D:8      | Found a hide-covered altar of Uskayaw.
  1932 | D:8      | Reached skill level 10 in Long Blades
  2071 | D:8      | Reached **** piety under Trog
  2100 | D:8      | Gained mutation: You occasionally shout uncontrollably at your foes. [mutagenic meat]
  2101 | D:8      | Gained mutation: You have large cloven feet. [mutagenic meat]
  2102 | D:8      | Gained mutation: Your spells are a little easier to cast, but a little less powerful. [mutagenic meat]
  2172 | D:8      | Reached skill level 11 in Long Blades
  2190 | D:8      | Noticed a two-headed ogre
  2199 | D:8      | jacquesderrida: Yes
  2200 | D:8      | jacquesderrida: Big meng
  2200 | D:8      | jacquesderrida: BERSERK
  2200 | D:8      | Mangled by a two-headed ogre

Vault maps used:
D:1:      mainiacjoe_arrival_reflecting_pool
D:2:      lemuel_doored_altar, evilmike_ruin_ashenzari,
          nemelex_diamond_rough_becter
D:3:      overflow_temple_1_default, zin_academy, lemuel_coloured_pillars_altar,
          grunt_ministairs_3, uniq_terence
D:4:      nicolae_gozag_cash_rules_everything_around_me, serial_shops,
          kennysheep_mini, uniq_eustachio
D:5:      elyvilon_altar_5, minmay_temple_entry_mist, enter_ossuary_4,
          first_bread
D:6:      gammafunk_temple_overflow_forgotten, uniq_prince_ribbit1
D:7:      serial_shops, kennysheep_little_box, grunt_livestock,
          minmay_misc_feat_plants, uniq_crazy_yiuf_cottage
D:8:      lemuel_crystal_altar, basic_altar, kennysheep_generic_room_14
Ossuary:  ossuary_due_small_catacomb

Skill      XL: |  1  2  3  4  5  6  7  8  9 |
---------------+----------------------------+-----
Long Blades    | 4 5 6 7 9 11 | 11.0
Fighting       | 4 5 6 7 8 |  8.2
Armour         | 3 4 5 6 7 |  7.7
Dodging        | 3 4 5 6 7 |  7.0

Action                   |  1- 3 |  4- 6 |  7- 9 || total
-------------------------+-------+-------+-------++-------
Melee: Falchion          |    35 |    61 |   308 ||   404
       Headbutt          |     7 |    14 |    66 ||    87
       Kick              |       |       |    10 ||    10
Invok: Berserk           |     2 |     4 |    11 ||    17
       Trog's Hand       |       |     1 |     9 ||    10
  Use: Potion            |       |       |     2 ||     2
  Eat: Fruit             |       |     2 |     2 ||     4
       Chunk             |       |     3 |    12 ||    15
       Royal jelly       |       |       |     2 ||     2
       Meat ration       |       |       |     1 ||     1
Armor: Animal skin       |     3 |       |       ||     3
       Ring mail         |     5 |    31 |   141 ||   177
Dodge: Dodged            |    16 |    33 |   207 ||   256
       Rpst.: Falchion   |     2 |    12 |    47 ||    61
